 Dungeon Crawl Stone Soup version 0.27-a0-1273-gec92ba881d (webtiles) character file.

Game seed: 3336517496026255449

48 mordus the Poker (level 3, 33/33 HPs)
             Began as a Minotaur Monk on June 11, 2021.
             Was a Believer of Dithmenos.
             Quit the game on level 1 of the Dungeon.
             The game lasted 00:01:22 (1139 turns).

mordus the Poker (Minotaur Monk)                    Turns: 1139, Time: 00:01:23

Health: 33/33      AC:  5    Str: 16    XL:     3   Next: 50%
Magic:  2/2        EV: 11    Int:  7    God:    Dithmenos [**....]
Gold:   68         SH:  0    Dex: 12    Spells: 2/2 levels left

rFire    . . .     SeeInvis .   a - +0 spear
rCold    . . .     Faith    .   (no shield)
rNeg     . . .     Spirit   .   c - +0 ring mail
rPois    .         Reflect  .   (helmet restricted)
rElec    .         Harm     .   g - scarf {repulsion}
rCorr    .         Rampage  .   (no gloves)
Will     .....                  (no boots)
Stlth    +.........             (no amulet)
HPRegen  0.11/turn              (no ring)
MPRegen  0.08/turn              (no ring)

@: wreathed by umbra, repel missiles
A: horns 2, retaliatory headbutt
a: Renounce Religion, Shadow Step


You were on level 1 of the Dungeon.
You worshipped Dithmenos.
Dithmenos was pleased with you.
You visited 1 branch of the dungeon, and saw 1 of its levels.

You collected 68 gold pieces.

Inventory:

Hand Weapons
 a - a +0 spear (weapon)
Armour
 b - a +0 robe
 c - a +0 ring mail (worn)
 g - a scarf of repulsion (worn)
Potions
 d - a potion of heal wounds {unknown}
 e - a potion of lignification {unknown}
 f - 2 potions of mutation {unknown}
 h - a potion of curing {unknown}
 i - a potion of brilliance {unknown}


   Skills:
 + Level 4.2 Fighting
 * Level 4.7 Polearms
 + Level 1.6 Armour
 - Level 3.2 Dodging
 - Level 1.5 Stealth


You had 2 spell levels left.
You didn't know any spells.
Your spell library contained the following spells:

 Spells                   Type           Power      Damage    Failure   Level
 Beastly Appendage        Tmut           0%         N/A       65%         1
 Wereblood                Tmut           0%         N/A       78%         2
 Spider Form              Tmut/Pois      0%         N/A       95%         3
 Ice Form                 Ice/Tmut       0%         N/A       100%        4


Dungeon Overview and Level Annotations

Branches:
Dungeon (1/15)

Altars:
Dithmenos

Shops:
D:1 *


Innate Abilities, Weirdness & Mutations

You have a pair of horns on your head.
You reflexively headbutt those who attack you in melee.


Message History

You hit the rat.
The rat is heavily wounded.
A rat is nearby!
You closely miss the rat. Your headbutt misses the rat.
The rat is heavily wounded.
The rat misses you.
A rat is nearby!
A rat is nearby!
You hit the rat but do no damage.
The rat is heavily wounded.
The rat barely misses you.
A rat is nearby!
You closely miss the rat. Your headbutt misses the rat.
The rat barely misses you.
A rat is nearby!
You hit the rat.
You kill the rat!
There is a faded altar of an unknown god here.
Done exploring.
Done exploring.
There is a faded altar of an unknown god here.
You cannot tell which god this altar belongs to.
Convert to them anyway? [Y]es or [N]o only, please.
You cannot tell which god this altar belongs to.
Convert to them anyway?
Dithmenos accepts your prayer! Dithmenos welcomes you!
You are shrouded in an aura of darkness!
You can now step into the shadows of nearby creatures.
Done exploring.
No target in view!
Done exploring.
No target in view!
Done exploring.
Done exploring.
No target in view!
Done exploring.
No target in view!
Done exploring.
Done exploring.
Are you sure you want to abandon this character and quit the game? (Confirm with "yes".)

.8.....##.## #..#
.#....###.# #..#
.#....# #.# #..#
.#..#.# #.# #..#
(8..#.# #.####..##
.##.#.# #.#......#
.#..#.# #.#.####.#
......# #...# #.#
##...#####..# ##@##
##.#...# #..###...##
...###.♣##..##.^_^.#
#### ♣.∩.♣..##.^...#
# ##♣.##.##.....#
#.....####.##
###......#.#
######.#.# #.#.#


There were no monsters in sight!

Vanquished Creatures
  A dart slug (D:1)
  3 ball pythons (D:1)
  4 endoplasms (D:1)
  A hobgoblin (D:1)
  15 jackals (D:1)
  2 kobolds (D:1)
  4 quokkas (D:1)
  2 bats (D:1)
  2 frilled lizards (D:1)
  4 rats (D:1)
38 creatures vanquished.

Notes
Turn   | Place    | Note
-------+----------+-------------------------------------------
     0 | D:1      | mordus the Minotaur Monk began the quest for the Orb.
     0 | D:1      | Reached XP level 1. HP: 19/19 MP: 0/0
    36 | D:1      | HP: 1/20 [dart slug/slug dart (4)]
   361 | D:1      | Reached XP level 2. HP: 16/27 MP: 1/1
   367 | D:1      | Reached skill level 1 in Armour
   627 | D:1      | Reached XP level 3. HP: 29/33 MP: 2/2
  1070 | D:1      | Found Voamueri's Assorted Antiques.
  1099 | D:1      | Found a faded altar of an unknown god.
  1136 | D:1      | Became a worshipper of Dithmenos the Shadowed
  1136 | D:1      | Reached * piety under Dithmenos
  1136 | D:1      | Reached ** piety under Dithmenos
  1139 | D:1      | Quit the game

Illustrated notes

Levels and vault maps discovered:
D:1:      scummos_arrival_simple_crosswalls, layout_rooms,
          ebering_ecumenical_altar_webs, serial_shops, nicolae_shop_trees

Skill      XL: |  1  2 |
---------------+-------+-----
Polearms       | 4 |  4.7
Armour         | 1 |  1.6
Fighting       | 4 |  4.2
Dodging        | |  3.2
Stealth        | |  1.5

Action                   || total
-------------------------++-------
Melee: Spear             ||   116
       Headbutt          ||    15
 Stab: Sleeping          ||     2
Armor: Robe              ||     5
       Ring mail         ||    20
Dodge: Dodged            ||    69

Table legend: (Time is in decaauts)
 A = Elapsed time spent in this place.
 B = Non-inter-level travel time spent in this place.
 C = Inter-level travel time spent in this place.
 D = Time resting spent in this place.
 E = Time spent auto-exploring this place.
 F = Levels seen in this place.
 G = Mean time per level.
                   A        B        C        D        E       F      G
               +--------+--------+--------+--------+--------+-----+--------+
         Total |   1126 |   1126 |      0 |    283 |    645 |   1 | 1126.0 |
       Dungeon |   1126 |   1126 |      0 |    283 |    645 |   1 | 1126.0 |
               +--------+--------+--------+--------+--------+-----+--------+

Top non-repeatable levels by time:
     D:1: 1126 daAuts
